AoeStats
← Stijn Arns

Glade

510735384Analyzed
1v1 RM · 18h ago on Oct 2, 2026· 70m 30s· 2 players
Game mode
Random Map
Map size
Tiny (2 player)
Population
200
Speed
Normal
Resources
Standard
Victory
Conquest
Starting age
Dark Age
Ending age
Imperial Age
RankedLock teamsTeams togetherTeam positionsShared explorationLock speedFull tech treeHidden civsTurbo modeCheats
Victory
Defeat
🇧🇷 Franks · Brazil
762
+17
🇧🇪 Britons · Belgium
775
-39
henrique.villetti
8:46 Loom
11:11 Feudal Age
16:39 Castle Age
27:47 Double-Bit Axe
27:56 Gold Mining
28:08 Stone Mining
30:12 Forging
30:08 Scale Barding Armor
32:35 Iron Casting
32:21 Chain Barding Armor
33:32 Husbandry
33:28 Treadmill Crane
34:58 Gold Shaft Mining
35:31 Fletching
35:42 Padded Archer Armor
38:57 Imperial Age
37:16 Wheelbarrow
36:23 Ordonnance Companies
38:15 Bodkin Arrow
38:36 Leather Archer Armor
38:27 Scale Mail Armor
38:23 Bodkin Arrow
39:09 Hand Cart
40:05 Conscription
39:09 Ordonnance Companies
40:29 Hoardings
40:01 Chivalry
39:26 Cavalier
41:24 Blast Furnace
41:00 Plate Barding Armor
40:44 Chain Mail Armor
41:46 Chemistry
41:08 Ballistics
41:46 Paladin
48:57 Elite Throwing Axeman
51:06 Light Cavalry
66:37 Plate Barding Armor
67:52 Chain Mail Armor
Stijn Arns
8:23 Loom
10:40 Feudal Age
11:09 Horse Collar
11:31 Double-Bit Axe
11:28 Man-at-Arms
21:21 Castle Age
21:30 Stone Mining
22:12 Fletching
22:42 Bow Saw
22:34 Heavy Plow
22:55 Bodkin Arrow
23:33 Pikeman
24:43 Forging
24:33 Scale Mail Armor
28:00 Wheelbarrow
28:32 Ballistics
29:52 Murder Holes
30:36 Padded Archer Armor
30:51 Chain Mail Armor
31:12 Iron Casting
30:42 Scale Barding Armor
32:10 Leather Archer Armor
37:00 Imperial Age
37:16 Gold Mining
37:02 Halberdier
42:13 Elite Longbowman
43:00 Squires
44:24 Ring Archer Armor
43:54 Bracer
46:42 Hand Cart
Connection lost

Rejoining the realm…

Still unreachable

The connection could not be restored.

Session expired

The server has moved on; the page needs a fresh start.